 Dungeon Crawl Stone Soup version 0.17-a0-1923-gc35365e (webtiles) character file.

67 hexophile the Insei (level 4, -1/28 HPs)
             Began as an Octopode Transmuter on Sept 28, 2015.
             Slain by Purgy (4 damage)
             ... in a sewer.
             The game lasted 00:03:42 (1961 turns).

hexophile the Insei (Octopode Transmuter)           Turns: 1961, Time: 00:03:42

Health: -1/28      AC:  1    Str:  9    XL:     4   Next: 18%
Magic:  3/7        EV: 12    Int: 16    God:
Gold:   97         SH:  0    Dex: 12    Spells: 3 memorised, 1 level left

rFire  . . .     SeeInvis .       - Unarmed
rCold  . . .     Clarity  .     (no shield)
rNeg   . . .     SustAt   .     (helmet restricted)
rPois  .         Gourm    .     (no amulet)
rElec  .         Spirit   .     (no ring)
rCorr  .         Warding  .     (no ring)
rMut   .         Stasis   .     (no ring)
MR     .....                    (no ring)
Stlth  +++.......               (no ring)
                                (no ring)
                                (no ring)
                                (no ring)

@: not resistant to hostile enchantments, fairly stealthy
A: almost no armour, amphibious, 8 rings, constrict 8, camouflage 1, gelatinous
body 1
a: no special abilities


You were in a sewer.
You were not hungry.

You visited 1 branch of the dungeon, and saw 3 of its levels.
You also visited: Sewer.

You collected 97 gold pieces.


Innate Abilities, Weirdness & Mutations

You cannot wear most types of armour.
You are amphibious.
You can wear up to eight rings at the same time.
You can use your tentacles to constrict eight enemies at once.
Your skin changes colour to match your surroundings (Stealth).
Your rubbery body absorbs attacks (AC +1).

Inventory:

Missiles
 a - 82 arrows
Potions
 e - 2 potions of cancellation {unknown}
 f - a potion of magic {unknown}
 g - a potion of curing {unknown}
 j - 3 potions of haste {unknown}
 k - 2 potions of degeneration {unknown}
 l - a potion of brilliance {unknown}
 n - a potion of flight {unknown}
 o - a potion of ambrosia {unknown}
 q - a potion of invisibility {unknown}
Books
 b - a book of Changes

   Spells                             Type                      Level
   a - Beastly Appendage              Transmutation                1
   b - Sticks to Snakes               Transmutation                2
   c - Spider Form                    Transmutation/Poison         3
   d - Ice Form                       Ice/Transmutation            4
   e - Blade Hands                    Transmutation                5
Comestibles
 c - 2 bread rations
 p - 2 chunks of flesh


You had one spell level left.
You knew the following spells:

 Your Spells              Type           Power        Failure   Level  Hunger
a - Beastly Appendage     Trmt           ##....       8%          1    #......
b - Sticks to Snakes      Trmt           ##........   10%         2    ###....
c - Spider Form           Trmt/Pois      #.........   34%         3    ###....


   Skills:
 - Level 1.0 Fighting
 - Level 2.0 Dodging
 + Level 4.2 Unarmed Combat
 - Level 2.0 Spellcasting
 + Level 3.0 Transmutations

Dungeon Overview and Level Annotations

Branches:
Dungeon (3/15)

Altars:
Nemelex Xobeh

Annotations:
Sewer Purgy

Vault maps used:
D:1:      lemuel_arrival_hallway, nemelex_deck
D:3:      old_standard_altar, portal_sewer_entry_d, lemuel_blue_sif_altar
Sewer:    sewer_co_purgy_island

Vault maps used:
D:1:      lemuel_arrival_hallway, nemelex_deck
D:3:      old_standard_altar, portal_sewer_entry_d, lemuel_blue_sif_altar
Sewer:    sewer_co_purgy_island
You       could see Purgy, a friendly adder and a friendly ball python.


Message History

You pierce the adder, but do no damage.
The adder misses you.
You barely miss the adder. Your grab misses the adder.
Your tentacle spike misses the adder.
The adder misses you. The adder barely misses you.
You tentacle-slap the adder. Your grab misses the adder. The adder misses you.
You tentacle-slap the adder. Your grab misses the adder.
Your tentacle spike misses the adder.
Your squeeze misses the adder. The adder barely misses you.
You closely miss the adder. Your grab misses the adder.
Your squeeze misses the adder. The adder closely misses you.
You tentacle-slap the adder.
You kill the adder!
Your Transmutations skill increases to level 3!
You see here an adder corpse.
You butcher the adder corpse.
p - 2 chunks of flesh Your transformation is almost over.
There is a glowing drain here.
The world spins around you as you enter the gateway.
You enter a sewer!
A giant newt comes into view.
Your tentacle spike disappears.
Found a gate leading back out of this place.
There is an empty arch of ancient stone here.
There is a gate leading back out of this place here.
A ball python comes into view.
The helpless giant newt fails to defend itself.
You bludgeon the giant newt!
You kill the giant newt!
The helpless ball python fails to defend itself.
You tentacle-slap the ball python. You grab the ball python.
You squeeze the ball python.
You kill the ball python!
A giant newt comes into view.
A giant newt comes into view.
The helpless giant newt fails to defend itself.
You tentacle-slap the giant newt.
You kill the giant newt!
You have reached level 4!
You miss the giant newt. Your grab misses the giant newt.
The giant newt misses you.
You tentacle-slap the giant newt.
You kill the giant newt!
An adder comes into view.
One of your tentacles grows a vicious spike.
The adder closely misses you.
You tentacle-slap the adder but do no damage.
Your grab misses the adder.
You pierce the adder, but do no damage.
The adder bites you. The adder closely misses you.
You closely miss the adder. Your grab misses the adder.
The adder closely misses you.
You miss the adder. You grab the adder. Your squeeze misses the adder.
You constrict the adder. The adder bites you but does no damage.
You tentacle-slap the adder.
You pierce the adder, but do no damage.
You constrict the adder. The adder barely misses you.
You tentacle-slap the adder. You squeeze the adder.
You kill the adder!
Your transformation is almost over.
Read which item? (? for menu, Esc to quit)
Okay, then.
Drink which item? (? for menu, Esc to quit)
Okay, then.
Read which item? (? for menu, Esc to quit)
As you read the scroll labeled BEWUMPA ZIKOONK, it crumbles to dust.
You feel blessed for a moment.
It was a scroll of remove curse.
Read which item? (? for menu, Esc to quit)
As you read the scroll labeled NERIUS LELAI, it crumbles to dust.
You hear a loud clanging noise!
It was a scroll of noise.
Read which item? (? for menu, Esc to quit)
As you read the scroll labeled DITEDOMAMP, it crumbles to dust.
You assume a fearsome visage.
Purgy looks frightened!
It was a scroll of fear.
Read which item? (? for menu, Esc to quit)
As you read the scroll labeled PIGAIS DOEDO, it crumbles to dust.
Forget which spell ([?*] list [ESC] exit)?
Forget which spell ([?*] list [ESC] exit)?
Okay, then.
It was a scroll of amnesia.
Your tentacle spike disappears.
You create a snake!
Casting: Sticks to Snakes You create a snake!
Purgy seems to regain his courage.
Purgy closely misses your ball python. Purgy misses your ball python.
Purgy barely misses your ball python.
You swap places.
Purgy bites you. Purgy claws you. Purgy barely misses you.
Your adder misses Purgy. You tentacle-slap Purgy. Purgy bites you.
Purgy closely misses you. Purgy claws you.
Your adder completely misses Purgy.
Your ball python bites Purgy.
You tentacle-slap Purgy. Your squeeze misses Purgy.
Your adder bites Purgy.
Purgy misses you. x3
Your ball python barely misses Purgy.
You tentacle-slap Purgy.
Your adder closely misses Purgy.
Purgy misses you. Purgy claws you. Purgy claws you but does no damage.
Your ball python bites Purgy.
You tentacle-slap Purgy.
Your adder bites Purgy.
Your ball python bites Purgy.
Purgy bites you!
* * * LOW HITPOINT WARNING * * *
Purgy closely misses you. Purgy claws you.
You die...

Action                   |  1- 3 |  4- 6 || total
-------------------------+-------+-------++-------
Melee: Unarmed           |    91 |    11 ||   102
 Cast: Beastly Appendage |     2 |     1 ||     3
       Sticks to Snakes  |       |     2 ||     2
  Use: Scroll            |     1 |     4 ||     5
 Stab: Sleeping          |    12 |       ||    12
  Eat: Chunk             |     3 |       ||     3

Notes
Turn   | Place    | Note
--------------------------------------------------------------
     0 | D:1      | hexophile the Octopode Transmuter began the quest for the Orb.
     0 | D:1      | Reached XP level 1. HP: 13/13 MP: 3/3
    70 | D:1      | Found a sparkling altar of Nemelex Xobeh.
   152 | D:1      | Reached XP level 2. HP: 18/18 MP: 5/5
   581 | D:1      | Reached XP level 3. HP: 23/23 MP: 6/6
  1612 | D:2      | Learned a level 2 spell: Sticks to Snakes
  1616 | D:2      | Learned a level 3 spell: Spider Form
  1748 | D:2      | Reached skill level 4 in Unarmed Combat
  1843 | D:3      | Found a glowing drain.
  1866 | Sewer    | Entered a sewer
  1899 | Sewer    | Reached XP level 4. HP: 24/28 MP: 7/7
  1937 | Sewer    | Noticed Purgy
  1961 | Sewer    | HP: 3/28 [Purgy (8)]
  1961 | Sewer    | Slain by Purgy

Table legend:
 A = Turns spent in this place as a percentage of turns spent in the entire game.
 B = Non-inter-level travel turns spent in this place as a percentage of non-inter-level travel turns spent in the entire game.
 C = Inter-level travel turns spent in this place as a percentage of turns spent in this place.
 D = Turns resting spent in this place as a percentage of non-inter-level travel turns spent in this place.
 E = Turns spent auto-exploring this place as a percentage of non-inter-level travel turns spent in this place.
 F = Non-inter-level travel turns spent in this place divided by the number of levels of this place that you've seen.
                   A       B       C       D       E      F
               +-------+-------+-------+-------+-------+----------------------
         Total | 100.0 | 100.0 |   0.6 |   3.0 |  10.6 | 134.8
       Dungeon |  82.3 |  82.2 |   0.7 |   3.6 |  12.9 | 147.7
         Sewer |  17.7 |  17.8 |   0.0 |   0.0 |   0.0 |  96.0
               +-------+-------+-------+-------+-------+----------------------

Table legend:
 A = Kills in this place as a percentage of kills in entire the game.
 B = Kills by you in this place as a percentage of kills by you in the entire game.
 C = Kills by friends in this place as a percentage of kills by friends in the entire game.
 D = Other kills in this place as a percentage of other kills in the entire game.
 E = Experience gained in this place as a percentage of experience gained in the entire game.
 F = Experience gained in this place divided by the number of levels of this place that you have seen.
                   A       B       C       D       E      F
               +-------+-------+-------+-------+-------+----------------------
         Total | 100.0 | 100.0 |  -nan |  -nan | 100.0 |  24.2
       Dungeon |  89.4 |  89.4 |  -nan |  -nan |  80.4 |  26.0
         Sewer |  10.6 |  10.6 |  -nan |  -nan |  19.6 |  19.0
               +-------+-------+-------+-------+-------+----------------------

Vanquished Creatures
  2 adders
  An ooze (D:1)
  2 ball pythons
  A giant cockroach (D:1)
  6 goblins
  5 hobgoblins
  4 jackals (D:1)
  A quokka (D:2)
  3 bats (D:2)
  4 giant newts
  10 kobolds
  8 rats
47 creatures vanquished.
